 Dungeon Crawl Stone Soup version 0.20.0-10-g0535bb4 (webtiles) character file.

155 McKennaii the Shield-Bearer (level 5, -8/41 HPs)
             Began as a Demonspawn Fighter on June 5, 2017.
             Mangled by an ogre
             ... wielding a cursed -1 giant club
              (23 damage)
             ... on level 4 of the Dungeon.
             The game lasted 00:02:51 (2129 turns).

McKennaii the Shield-Bearer (Demonspawn Fighter)    Turns: 2129, Time: 00:02:52

Health: -8/41      AC:  9    Str: 16    XL:     5   Next: 14%
Magic:  5/5        EV:  8    Int: 10    God:
Gold:   114        SH:  9    Dex: 16    Spells: 4/4 levels left

rFire    . . .     SeeInvis .   a - +0 long sword
rCold    + . .     Gourm    .   c - +0 shield
rNeg     . . .     Faith    .   b - +0 scale mail
rPois    .         Spirit   .   (helmet restricted)
rElec    .         Reflect  .   (no cloak)
rCorr    .         Harm     .   (no gloves)
MR       .....                  r - +1 pair of boots {Fly}
Stlth    ..........             (no amulet)
Regen    0.2/turn               j - +3 ring of dexterity
MPRegen  0.1/turn               q - ring of protection from cold

@: flying
A: antennae 1, powered by death 1, sturdy frame 1
a: Stop Flying


You were on level 4 of the Dungeon.
You were not hungry.

You visited 1 branch of the dungeon, and saw 4 of its levels.

You collected 114 gold pieces.

Inventory:

Hand Weapons
 a - a +0 long sword (weapon)
Armour
 b - a +0 scale mail (worn)
 c - a +0 shield (worn)
 r - a +1 pair of boots of flying (worn)
Jewellery
 j - a +3 ring of dexterity (left hand)
 q - a ring of protection from cold (right hand)
Wands
 n - a wand of flame (5/48)
 u - a wand of iceblast (5/15)
Scrolls
 e - a scroll of magic mapping {unknown}
 i - 3 scrolls of identify {unknown}
 k - a scroll of enchant weapon {unknown}
 o - a scroll of teleportation {unknown}
Potions
 d - a potion of might
 g - a potion of haste {unknown}
 l - a potion of magic {unknown}
 p - 2 potions of curing {unknown}
 t - a potion of flight {unknown}
Comestibles
 f - 2 bread rations
 h - 3 fruits
 m - 2 royal jellies
 s - 2 meat rations


   Skills:
 + Level 3.4 Fighting
 + Level 3.1 Long Blades
 + Level 3.4 Armour
 + Level 0.6 Dodging
 + Level 3.6 Shields


You had 4 spell levels left.
You didn't know any spells.

Dungeon Overview and Level Annotations

Branches:
Dungeon (4/15)
 Temple: D:4-7

Altars:
Ashenzari
Kikubaaqudgha


Innate Abilities, Weirdness & Mutations

You have a pair of small antennae on your head.
You regenerate a little health from kills.
Your movements are slightly less encumbered by armour. (ER -2)


Message History

The ogre barely misses you.
You barely miss the ogre.
The ogre is heavily wounded.
You block the ogre's attack. x2
Your shield and scale mail prevent you from hitting the ogre.
The ogre is heavily wounded.
You barely miss the ogre.
The ogre is heavily wounded.
The ogre hits you with a giant club.
You hit the ogre.
The ogre is severely wounded.
The ogre hits you with a giant club.
You hit the ogre but do no damage.
The ogre is severely wounded.
The ogre hits you but does no damage.
You hit the ogre.
The ogre is almost dead.
The ogre hits you with a giant club!!
Ouch! That really hurt!
You die...

#... #<...# #.#.
####.# #.#.##
...#####.# #.#...
.........###
#.#..###
...#####.##.
#.#....# #.##.
#.#..#.# #.#.#.##.
###.#######.##.#.#
#........
................@#
#...####.
###.############O#
#..... #. #.#
#.##. #. #.. # ##
#. #..# #. #... #.
..... . ###.#


You could see an ogre.

Vanquished Creatures
  An orc priest (D:3)
  4 adders
  2 worms (D:2)
  2 dart slugs (D:3)
  A leopard gecko (D:1)
  9 orcs
  3 giant cockroaches
  12 goblins
  5 hobgoblins
  5 jackals
  5 kobolds
  4 ball pythons
  5 bats
  6 frilled lizards
  6 rats
70 creatures vanquished.

Notes
Turn   | Place    | Note
-------+----------+-------------------------------------------
     0 | D:1      | McKennaii the Demonspawn Fighter began the quest for the Orb.
     0 | D:1      | Reached XP level 1. HP: 18/18 MP: 1/1
   148 | D:1      | Gained mutation: Your movements are slightly less encumbered by armour. (ER -2) [demonic ancestry]
   148 | D:1      | Reached XP level 2. HP: 24/24 MP: 2/2
   519 | D:1      | You fall through a shaft!
   537 | D:2      | Gained mutation: You regenerate a little health from kills. [demonic ancestry]
   537 | D:2      | Reached XP level 3. HP: 29/29 MP: 3/3
  1152 | D:2      | Reached XP level 4. HP: 35/35 MP: 4/4
  1280 | D:2      | HP: 1/35 [orc/falchion (6)]
  1720 | D:3      | Found an ancient bone altar of Kikubaaqudgha.
  1757 | D:3      | Gained mutation: You have a pair of small antennae on your head. [demonic ancestry]
  1757 | D:3      | Reached XP level 5. HP: 39/41 MP: 5/5
  1950 | D:3      | Found a shattered altar of Ashenzari.
  2116 | D:4      | Noticed an ogre
  2129 | D:4      | Mangled by an ogre

Skill      XL: |  1  2  3  4 |
---------------+-------------+-----
Shields        | 3 |  3.6
Armour         | 3 |  3.4
Long Blades    | 2 3 |  3.1
Fighting       | |  3.4
Dodging        | |  0.6

Action                   |  1- 3 |  4- 6 || total
-------------------------+-------+-------++-------
Melee: Long sword        |   147 |    82 ||   229
  Eat: Chunk             |       |     4 ||     4
Armor: Scale mail        |    76 |    26 ||   102
Dodge: Dodged            |    53 |    21 ||    74
Block: Shield            |    95 |    53 ||   148
       Rpst.: Long sword |    17 |     8 ||    25
